[ AOE2 MATCH · #474268551 ]
1v1 RMMongols vs Teutons
Player's team · LOSS
Rival team · WIN
[ REPLAY ANALYSIS · EXTRACTED FROM THE RECORDED GAME ]
Feudal
11:45
Castle
—
Imperial
—
| APM avg | 32.8 |
| APM peak | 67 |
| eAPM avg | 13.7 |
| Villagers / military | 36 / 19 |
Focus
⚔️ 13.8% · 🌾 86.2%
Archer ×19
Feudal
10:47
Castle
—
Imperial
—
| APM avg | 20.9 |
| APM peak | 41 |
| eAPM avg | 11.4 |
| Villagers / military | 33 / 30 |
Focus
⚔️ 27.2% · 🌾 72.8%
Militia ×17 · Skirmisher ×11 · Archer ×2
Match map
Initial resources + every placement click. Lines = walls · curves = elevation contours. ◆ gold · ⬟ stone · ● berries · ✦ relic · ◌ wall gap
Your base· Open — unwalled flank
Zero2201's base· Open — unwalled flank
Smoothed initial terrain · ◌ = detected wall gap · hover for details
Inputs per minute
— Copiko - - Zero2201
Build order — Copiko
88 actions detected in the replay
| 0:03 | Create | Villager (Male) ×4 |
| 0:07 | Build | House |
| 0:10 | Build | House |
| 1:40 | Create | Villager (Male) |
| 2:09 | Create | Villager (Male) |
| 2:26 | Create | Villager (Male) |
| 3:01 | Create | Villager (Male) |
| 3:10 | Build | Lumber Camp |
| 3:20 | Build | House |
| 3:22 | Build | House |
| 3:24 | Build | House |
| 3:28 | Create | Villager (Male) |
| 3:29 | Create | Villager (Male) |
| 3:51 | Create | Villager (Male) |
| 3:51 | Create | Villager (Male) |
| 4:26 | Create | Villager (Male) |
| 4:27 | Create | Villager (Male) |
| 4:39 | Build | House |
| 4:40 | Build | House |
| 4:52 | Create | Villager (Male) |
| 4:56 | Create | Villager (Male) |
| 5:29 | Build | Mill |
| 5:49 | Create | Villager (Male) |
| 5:49 | Create | Villager (Male) |
| 6:21 | Create | Villager (Male) |
| 6:28 | Build | House |
| 6:31 | Build | House |
| 6:45 | Create | Villager (Male) |
| 7:15 | Build | Barracks |
| 7:19 | Create | Villager (Male) |
| 7:19 | Create | Villager (Male) |
| 7:50 | Build | House |
| 7:51 | Build | House |
| 8:36 | Build | Farm |
| 8:45 | Build | Farm |
| 9:35 | Research | Feudal Age |
| 10:06 | Build | House |
| 10:09 | Build | House |
| 10:10 | Build | House |
| 10:12 | Build | House |
| 10:32 | Build | Farm |
| 10:36 | Build | Farm |
| 10:43 | Build | Farm |
| 11:01 | Build | Farm |
| 11:45 | Age | Feudal Age |
| 11:51 | Create | Villager (Male) |
| 11:51 | Create | Villager (Male) |
| 11:56 | Build | Archery Range |
| 12:14 | Create | Villager (Male) |
| 12:26 | Create | Villager (Male) |
| 12:42 | Create | Villager (Male) |
| 12:46 | Research | Double-Bit Axe |
| 12:48 | Create | Archer |
| 12:48 | Create | Archer |
| 13:12 | Build | Mining Camp |
| 13:27 | Build | Farm |
| 13:49 | Build | Farm |
| 13:51 | Create | Villager (Male) |
| 14:09 | Create | Archer |
| 14:12 | Create | Villager (Male) |
| 14:21 | Create | Villager (Male) |
| 14:30 | Create | Villager (Male) |
| 15:12 | Create | Archer |
| 15:12 | Create | Archer |
| 15:13 | Create | Archer |
| 15:35 | Build | Archery Range |
| 15:44 | Build | Farm |
| 15:51 | Create | Archer |
| 16:06 | Create | Villager (Male) |
| 16:07 | Create | Villager (Male) |
| 16:07 | Create | Villager (Male) |
| 16:11 | Create | Archer |
| 16:11 | Create | Archer |
| 17:03 | Create | Archer |
| 17:03 | Create | Archer |
| 18:03 | Create | Archer |
| 18:18 | Research | Wheelbarrow |
| 18:22 | Create | Archer |
| 18:35 | Create | Archer |
| 19:00 | Build | Mining Camp |
| 19:03 | Create | Villager (Male) |
| 19:06 | Create | Archer |
| 19:14 | Create | Archer |
| 19:14 | Create | Archer |
| 19:29 | Create | Villager (Male) |
| 19:47 | Research | Gold Mining |
| 20:34 | Create | Archer |
| 20:34 | Create | Archer |
Build order — Zero2201
114 actions detected in the replay
| 0:02 | Build | House |
| 0:04 | Build | House |
| 0:06 | Build | House |
| 0:07 | Research | Loom |
| 0:07 | Create | Villager (Male) |
| 0:08 | Create | Villager (Male) |
| 0:08 | Create | Villager (Male) |
| 0:08 | Create | Villager (Male) |
| 0:09 | Create | Villager (Male) |
| 2:19 | Build | Lumber Camp |
| 2:26 | Create | Villager (Male) |
| 2:26 | Create | Villager (Male) |
| 2:27 | Create | Villager (Male) |
| 2:47 | Create | Villager (Male) |
| 2:47 | Create | Villager (Male) |
| 3:23 | Create | Villager (Male) |
| 3:24 | Create | Villager (Male) |
| 3:24 | Create | Villager (Male) |
| 3:51 | Create | Villager (Male) |
| 4:02 | Create | Villager (Male) |
| 4:03 | Create | Villager (Male) |
| 4:37 | Create | Villager (Male) |
| 4:56 | Create | Villager (Male) |
| 4:57 | Create | Villager (Male) |
| 5:08 | Build | House |
| 5:27 | Create | Villager (Male) |
| 5:28 | Create | Villager (Male) |
| 5:52 | Build | Mill |
| 6:20 | Build | Palisade Wall |
| 6:25 | Create | Villager (Male) |
| 6:25 | Create | Villager (Male) |
| 6:41 | Create | Villager (Male) |
| 6:41 | Create | Villager (Male) |
| 7:56 | Build | Mining Camp |
| 8:37 | Research | Feudal Age |
| 10:01 | Build | Barracks |
| 10:44 | Build | Palisade Wall |
| 10:47 | Age | Feudal Age |
| 11:00 | Build | House |
| 11:06 | Research | Man-at-Arms (upgrade) |
| 11:20 | Build | House |
| 11:22 | Build | House |
| 11:23 | Build | House |
| 11:26 | Build | House |
| 11:36 | Create | Villager (Male) |
| 11:36 | Create | Villager (Male) |
| 11:36 | Create | Villager (Male) |
| 11:39 | Create | Villager (Male) |
| 11:42 | Research | Double-Bit Axe |
| 11:48 | Create | Militia |
| 11:48 | Create | Militia |
| 11:48 | Create | Militia |
| 11:48 | Create | Militia |
| 12:16 | Create | Militia |
| 12:29 | Build | Blacksmith |
| 12:58 | Create | Militia |
| 13:11 | Build | Palisade Wall |
| 13:23 | Build | Farm |
| 13:26 | Build | Farm |
| 13:31 | Build | Farm |
| 14:04 | Build | Farm |
| 14:10 | Research | Scale Mail Armor |
| 14:22 | Create | Militia |
| 14:22 | Create | Militia |
| 14:37 | Build | Farm |
| 14:39 | Build | Farm |
| 14:40 | Build | Farm |
| 14:41 | Build | Farm |
| 14:43 | Build | Farm |
| 14:56 | Create | Militia |
| 14:56 | Create | Militia |
| 14:57 | Create | Militia |
| 15:02 | Research | Arson |
| 15:02 | Create | Militia |
| 15:29 | Build | Farm |
| 15:42 | Build | Archery Range |
| 15:55 | Build | House |
| 16:00 | Build | House |
| 16:01 | Build | House |
| 16:03 | Build | House |
| 16:54 | Create | Skirmisher |
| 16:55 | Create | Skirmisher |
| 16:55 | Create | Skirmisher |
| 17:00 | Build | Palisade Wall |
| 17:20 | Create | Militia |
| 17:20 | Create | Militia |
| 17:21 | Create | Militia |
| 17:21 | Create | Militia |
| 17:25 | Create | Skirmisher |
| 17:25 | Create | Skirmisher |
| 17:31 | Research | Fletching |
| 17:38 | Build | Palisade Gate |
| 17:43 | Create | Skirmisher |
| 17:52 | Create | Villager (Male) |
| 17:53 | Create | Villager (Male) |
| 17:53 | Create | Villager (Male) |
| 18:12 | Build | House |
| 18:13 | Build | House |
| 18:15 | Build | House |
| 18:26 | Build | Farm |
| 18:38 | Build | Palisade Wall |
| 18:57 | Build | Farm |
| 19:13 | Research | Wheelbarrow |
| 19:15 | Create | Villager (Male) |
| 19:28 | Create | Militia |
| 19:37 | Create | Archer |
| 19:37 | Create | Archer |
| 19:42 | Create | Skirmisher |
| 19:42 | Create | Skirmisher |
| 19:42 | Create | Skirmisher |
| 19:53 | Build | House |
| 19:54 | Build | House |
| 20:27 | Create | Skirmisher |
| 20:27 | Create | Skirmisher |
Match timeline
| 6:20 | Zero2201 · wall_segment Palisade Wall x18 |
| 7:15 | Copiko · first_building Barracks |
| 10:01 | Zero2201 · first_building Barracks |
| 10:44 | Zero2201 · wall_segment Palisade Wall x26 |
| 10:47 | Zero2201 · age_up feudal |
| 11:45 | Copiko · age_up feudal |
| 11:56 | Copiko · first_building Archery Range |
| 13:11 | Zero2201 · wall_segment Palisade Wall x17 |
| 15:42 | Zero2201 · first_building Archery Range |
| 17:00 | Zero2201 · wall_segment Palisade Wall x4 |
| 18:38 | Zero2201 · wall_segment Palisade Wall x5 |
| 21:07 | Copiko · resign |
[ AI ANALYSIS · 1 CREDIT ]
What really happened in this match?
Wolo.gg analyzes every decision: build order, eco, micro, common mistakes by bracket. Personalized analysis on WhatsApp or Discord in 30 seconds.
Civ guide
Mongols
Map guide
Arabia
Perfil
Copiko